 Dungeon Crawl Stone Soup version 0.31.0-32-g396128a36d (webtiles) character file.

Game seed: 17169482864268335227

359 mainiacjoe the Ruffian (level 6, -5/48 HPs)
             Began as a Merfolk Shapeshifter on Mar 9, 2024.
             Was a Believer of Nemelex Xobeh.
             Slain by an ogre
             ... wielding a +0 giant club
              (25 damage)
             ... on level 4 of the Dungeon.
             The game lasted 00:08:47 (2883 turns).

mainiacjoe the Ruffian (Merfolk Shapeshifter)       Turns: 2883, Time: 00:08:48

Health: -5/48      AC:  5    Str: 16    XL:     6   Next: 65%
Magic:  7/7        EV: 12    Int:  9    God:    Nemelex Xobeh [**....]
Gold:   22         SH:  0    Dex: 14    Spells: 5/5 levels left

rFire   . .          .
                       - Unarmed
rCold   . . .        (no shield)
rNeg    . . .        f - +0 ring mail
rPois   .            (helmet currently unavailable)
rElec   .            (cloak currently unavailable)
rCorr   .            (gloves currently unavailable)
SInv    .            (boots currently unavailable)
Will    .....        (no amulet)
Stlth   +            (no ring)
HPRegen 0.28/turn    (no ring)
MPRegen 0.10/turn

%: no passive effects
@: mighty, beast-form
A: beast (slay +2), (nimble swimmer 2), mertail
a: Begin Untransformation, Renounce Religion, Draw Escape, Draw Destruction,
Draw Summoning


You were on level 4 of the Dungeon.
You worshipped Nemelex Xobeh.
Nemelex Xobeh was pleased with you.
You were a hulking beast.
You visited 1 branch of the dungeon, and saw 4 of its levels.

You collected 142 gold pieces.
You spent 120 gold pieces at shops.

Inventory:

Missiles
 k - 14 stones
 r - 2 poisoned darts
Armour
 a - a +0 animal skin
 b - the +1 pair of gloves of Koteqeku {-Cast Rampage +Blink Str+3}
   (You found it on level 3 of the Dungeon)

   Str+3:     It affects your strength (+3).
   +Blink:    It lets you blink.
   -Cast:     It prevents spellcasting.
   Rampage:   It bestows one free step when moving towards enemies.
 e - a +0 helmet
 f - a +0 ring mail (worn)
 m - a +0 pair of boots
 n - a +0 scale mail
 o - a +0 chain mail
 q - a +0 cloak
Jewellery
 p - a ring of poison resistance
Talismans
 c - a beast talisman
 d - a flux talisman
Scrolls
 l - a scroll of enchant armour
 u - a scroll of poison
Potions
 g - a potion of magic
 h - a potion of heal wounds
 i - a potion of ambrosia
 j - 3 potions of curing


   Skills:
 * Level 3.8 Fighting
 + Level 4.2 Dodging
 * Level 5.0 Unarmed Combat
 + Level 2.3 Invocations
 + Level 4.9 Shapeshifting


You had 5 spell levels left.
You didn't know any spells.
Your spell library contained the following spells:

 Spells                   Type           Power      Damage    Failure   Level
 Dazzling Flash           Conj/Hex       0%         N/A       93%         3
 Volatile Blastmotes      Fire/Tloc      0%         2d10      93%         3
 Starburst                Conj/Fire      0%         6d3       100%        6
 Maxwell's Capacitive Co  Air            0%         ∞         100%        8


Dungeon Overview and Level Annotations

Branches:
Dungeon (4/15)
 Temple: D:4-7

Altars:
Nemelex Xobeh
Uskayaw
The Shining One

Shops:
D:2 !   D:3 (

Annotations:
D:4 Blork the orc


Innate Abilities, Weirdness & Mutations

You are a hulking beast.
Your limbs bulge with bestial killing power. (Slay +2)
((You are very nimble when in or above water. (Stealth+, EV+, Speed+++)))
Your lower body shifts to a powerful aquatic tail in water.


Message History

There is an open door here.
Things that are here:
a +0 dagger; a +0 dagger
Things that are here:
a +0 club; a +0 dagger; a +0 club
There is an open door here.
You open the door.
There is an open door here.
Done exploring.
There is an open door here.
There is an open door here.
There is a stone staircase leading down here.
You climb downwards.
There is a stone staircase leading up here.
Unknown command.
An ogre comes into view. It is wielding a +0 giant club.
The ogre shouts!
An orc priest comes into view. It is wielding a +0 dagger.
An orc comes into view. It is wielding a +0 falchion.
The orc priest shouts!
The orc shouts!
You hear a shout! x2
An orc comes into view. It is wielding a +0 whip.
Blork the orc comes into view.
He is wielding a +0 glaive.
Blork the orc shouts!
An orc warrior comes into view. It is wielding a +0 battleaxe.
The ogre hits you with a +0 giant club!!
Ouch! That really hurt!
Blork the orc gestures wildly while chanting.
Blork the orc seems to speed up.
You are too injured to fight recklessly!
You are too injured to fight recklessly!
You are too injured to fight recklessly!
You are too injured to fight recklessly!
You are too injured to fight recklessly!
You feel very mighty all of a sudden.
The orc warrior shouts!
You hear a shout!
You completely miss the ogre. Your punch misses the ogre.
The ogre hits you with a +0 giant club!!
Ouch! That really hurt!
You die...
Your body disappears without a glow.

#.#
#.#
#.#
#.#
#.#
#.#
#.#
#.#
#h#
#O#
#o#
.o.
...
#.o..
#...o
'.....


You could see Blork the orc (fast), an orc warrior, an ogre, an orc priest and
an orc.

Vanquished Creatures
  Sigmund (D:3)
  A scorpion (D:2)
  An iguana (D:3)
  Robin (D:3)
  2 adders (D:2)
  5 dart slugs
  A ribbon worm (D:2)
  3 orcs (D:3)
  6 bats
  6 endoplasms
  3 giant cockroaches
  12 goblins
  5 hobgoblins
  5 jackals
  2 quokkas (D:2)
  7 ball pythons
  6 kobolds
  12 rats
79 creatures vanquished.

Notes
Turn   | Place    | Note
-------+----------+-------------------------------------------
     0 | D:1      | mainiacjoe the Merfolk Shapeshifter began the quest for the
                  | Orb.
     0 | D:1      | Reached XP level 1. HP: 15/15 MP: 1/1
    64 | D:1      | Found a faded altar of an unknown god.
    73 | D:1      | Reached XP level 2. HP: 16/21 MP: 2/2
    80 | D:1      | Prayed at the altar of an unknown god.
    80 | D:1      | Became a worshipper of Nemelex Xobeh the Trickster
    80 | D:1      | Reached * piety under Nemelex Xobeh
    80 | D:1      | Received a gift from Nemelex Xobeh
   318 | D:1      | Reached XP level 3. HP: 27/27 MP: 3/3
   772 | D:2      | Reached skill level 4 in Unarmed Combat
   772 | D:2      | Reached skill level 1 in Invocations
   772 | D:2      | Reached XP level 4. HP: 29/33 MP: 4/4
   812 | D:2      | Found Gaesacem's Distillery.
   835 | D:2      | Bought a potion of heal wounds for 60 gold pieces
   835 | D:2      | Bought a potion of degeneration for 12 gold pieces
   879 | D:2      | Noticed a scorpion
   893 | D:2      | Killed a scorpion
   894 | D:2      | Reached XP level 5. HP: 24/40 MP: 4/6
  1375 | D:2      | Reached ** piety under Nemelex Xobeh
  1589 | D:3      | Noticed Robin
  1589 | D:3      | Noticed Sigmund
  1626 | D:3      | Killed Sigmund
  1627 | D:3      | Reached XP level 6. HP: 44/47 MP: 7/7
  1630 | D:3      | Killed Robin
  1872 | D:3      | Identified the +1 pair of gloves of Koteqeku {-Cast Rampage
                  | +Blink Str+3}
  1898 | D:3      | Found Maminaih's Antique Weapon Shop.
  1902 | D:3      | Reached skill level 5 in Unarmed Combat
  2028 | D:3      | Received a gift from Nemelex Xobeh
  2403 | D:2      | Bought a potion of might for 48 gold pieces
  2582 | D:3      | Found a hide-covered altar of Uskayaw.
  2582 | D:3      | Found a glowing golden altar of the Shining One.
  2881 | D:4      | Noticed Blork the orc
  2881 | D:4      | Noticed an orc warrior
  2883 | D:4      | Slain by an ogre

Illustrated notes

Levels and vault maps discovered:
D:1:      evilmike_arrival_plus, layout_rooms,
          ebering_ecumenical_altar_sacrificial
D:2:      layout_rooms, serial_shops, shop_statue
D:3:      layout_loops_corners, gammafunk_temple_overflow_wave, serial_shops,
          shop, uniq_sigmund, uniq_robin
D:4:      layout_basic, minmay_temple_entry_ruins, uniq_edmund,
          uniq_blork_the_orc, uniq_crazy_yiuf_cottage, uniq_eustachio

Skill      XL: |  1  2  3  4  5  6 |
---------------+-------------------+-----
Dodging        | 3 4 |  4.2
Fighting       | 2 3 |  3.8
Unarmed Combat | 4 5 |  5.0
Invocations    | 1 2 |  2.3
Shapeshifting  | |  4.9

Action                     |  1- 3 |  4- 6 || total
---------------------------+-------+-------++-------
  Melee: Unarmed           |    81 |   114 ||   195
         Punch             |     1 |     4 ||     5
  Throw: Stone             |     5 |     3 ||     8
    Use: Scroll            |     2 |     6 ||     8
         Potion            |       |     3 ||     3
   Stab: Sleeping          |     2 |     2 ||     4
 Armour: Animal skin       |    40 |    12 ||    52
         Skin              |       |    33 ||    33
         Chain mail        |       |     9 ||     9
         Ring mail         |       |    24 ||    24
  Dodge: Dodged            |    52 |    52 ||   104
